 Dungeon Crawl Stone Soup version 0.30-a0-354-g6b83867211 (webtiles) character file.

Game seed: 2081960897334859380

985 Pooter the Cleaver (level 7, 0/56 HPs)
             Began as a Minotaur Monk on Nov 7, 2022.
             Was a Priest of Hepliaklqana.
             Succumbed to a killer bee's poison
             ... on level 5 of the Dungeon.
             The game lasted 00:20:43 (4548 turns).

Pooter the Cleaver (Minotaur Monk)                  Turns: 4548, Time: 00:20:43

Health: 0/56       AC: 10    Str: 18    XL:     7   Next: 97%
Magic:  6/6        EV:  6    Int:  7    God:    Hepliaklqana [***...]
Gold:   195        SH:  0    Dex: 12    Spells: 6/6 levels left

rFire   . . .      SeeInvis .    a - +4 flail
rCold   . . .      Faith    .    (no shield)
rNeg    . . .      Spirit   .    i - +0 plate armour
rPois   .          Reflect  .    (helmet restricted)
rElec   .          Harm     .    (no cloak)
rCorr   .          Rampage  .    (no gloves)
Will    .....                    (no boots)
Stlth   ..........               (no amulet)
HPRegen 0.29/turn                (no ring)
MPRegen 0.10/turn                (no ring)

@: lethally poisoned (0 -> -8)
A: reduced essence, horns 2, retaliatory headbutt
a: Renounce Religion, Recall Ancestor, Ancestor Identity, Transference


You were on level 5 of the Dungeon.
You worshipped Hepliaklqana.
Hepliaklqana was most pleased with you.
You visited 1 branch of the dungeon, and saw 5 of its levels.

You collected 195 gold pieces.

Inventory:

Hand Weapons
 a - a +4 flail (weapon)
   (You found it on level 4 of the Dungeon)
 p - a +0 flail
   (You took it off an orc on level 3 of the Dungeon)
 r - a +0 hand axe
 w - a +0 morningstar
   (You took it off an orc on level 3 of the Dungeon)
Missiles
 z - a boomerang (quivered)
 Q - 26 stones
Armour
 i - a +0 plate armour (worn)
   (You found it on level 4 of the Dungeon)
 j - a +1 chain mail
   (You found it on level 1 of the Dungeon)
Wands
 f - a wand of flame (15)
   (You found it on level 3 of the Dungeon)
Scrolls
 b - a scroll of poison {unknown}
 e - 2 scrolls of blinking
 o - a scroll of fog {unknown}
 t - 3 scrolls of teleportation {@r4}
 y - a scroll of immolation {unknown}
Potions
 c - a potion of ambrosia
 d - 2 potions of heal wounds {unknown}
 g - 2 potions of curing {unknown}
 h - a potion of flight {unknown}
 k - a potion of berserk rage {unknown}
 l - a potion of degeneration {unknown}
 m - a potion of haste {unknown}
 n - 4 potions of lignification {!q}
 q - a potion of attraction {unknown}
 s - 2 potions of mutation {unknown}
 u - 2 potions of might {unknown}


   Skills:
 + Level 6.2 Fighting
 * Level 8.1(8.5) Axes
 + Level 3.9(6.4) Maces & Flails
 + Level 5.7 Dodging
 - Level 1.5 Stealth


You had 6 spell levels left.
You didn't know any spells.
Your spell library contained the following spells:

 Spells                   Type           Power      Damage    Failure   Level
 Blink                    Tloc           0%         N/A       100%        2
 Momentum Strike          Conj/Tloc      0%         3d8       100%        2
 Call Canine Familiar     Summ           0%         N/A       100%        3
 Dazzling Flash           Conj/Hex       0%         N/A       100%        3
 Lesser Beckoning         Tloc           0%         N/A       100%        3
 Portal Projectile        Hex/Tloc       0%         N/A       100%        3
 Animate Armour           Summ/Erth      0%         N/A       100%        4
 Iskenderun's Mystic Bla  Conj/Tloc      0%         2d3       100%        4
 Leda's Liquefaction      Hex/Erth       0%         N/A       100%        4
 Borgnjor's Vile Clutch   Necr/Erth      0%         N/A       100%        5
 Starburst                Conj/Fire      0%         6d3       100%        6
 Lehudib's Crystal Spear  Conj/Erth      0%         10d2      100%        8


Dungeon Overview and Level Annotations

Branches:
Dungeon (5/15)             Temple (0/1) D:4

Altars:
Hepliaklqana
Makhleb
Vehumet


Innate Abilities, Weirdness & Mutations

Your life essence is reduced to manifest your ancestor. (-10% HP)
You have a pair of horns on your head.
You reflexively headbutt those who attack you in melee.


Message History

Fikile misses the killer bee.
The killer bee barely misses Fikile.
Throw: 3 darts (poison)
Aim: a killer bee (almost dead, ally target, 31% to hit)
You throw a poisoned dart. The poisoned dart hits the killer bee.
The killer bee stings Fikile.
Fikile misses the killer bee.
The killer bee barely misses you.
Throw: 2 darts (poison)
Aim: a killer bee (almost dead, ally target, 31% to hit)
You throw a poisoned dart.
The poisoned dart misses the killer bee.
The poisoned dart closely misses the killer bee.
The killer bee stings Fikile.
Fikile hits the killer bee with a +0 quarterstaff.
The killer bee closely misses Fikile.
Throw: dart (poison)
Aim: a killer bee (almost dead, 31% to hit)
You throw a poisoned dart. The poisoned dart hits the killer bee.
The killer bee is poisoned.
The killer bee barely misses Fikile.
Fikile hits the killer bee with a +0 quarterstaff!
The killer bee dies!
You completely miss the killer bee. The killer bee stings you.
* * * LOW HITPOINT WARNING * * *
Fikile hits the killer bee with a +0 quarterstaff!
The killer bee dies!
Your Axes skill increases to level 8!
Unknown command.
You hit the killer bee but do no damage.
The killer bee stings you!
* * * LOW HITPOINT WARNING * * *
Fikile hits the killer bee with a +0 quarterstaff!
The killer bee dies!
Fikile gestures at the orc while chanting.
The puff of frost hits the orc!
The orc dies!
Unknown command.
Throw: boomerang
Aim: an orc warrior, wielding a +0 battleaxe and wearing a +0 plate armour (60% to hit)
You throw a boomerang.
The boomerang barely misses the orc warrior.
You hit the killer bee but do no damage.
The killer bee stings you but does no damage.
The killer bee stings you.
* * * LOW HITPOINT WARNING * * *
You are lethally poisoned!
The killer bee poisons you!
Fikile hits the killer bee with a +0 quarterstaff.
The killer bee stings you but does no damage.
You barely miss the killer bee.
You die... #+#(..( ....... ....... ##### ....... ....# ..... ....#+#### oo.

.. #.......# ###y## .#
#.......+ +.@R.# y.#
#.......# #....# ..#
#.......# #.#####...
#.......# #.....#o###..
#...#...# #####.#o.....
#.#####.# #####.#o.....
###...#...#####.....#o###..
....#.#.#...†...#####.#
....#.#.#.........# .#


You could see the friendly Fikile the battlemage, an orc warrior, a killer bee
(ally target) and an orc.

Vanquished Creatures
  A necrophage (D:5)
  A hound (D:5)
  2 iguanas
  3 orc wizards
  5 gnolls
  2 adders
  3 dart slugs
  14 orcs
  4 ball pythons
  5 bats
  4 endoplasms
  5 giant cockroaches
  3 goblins
  4 hobgoblins
  8 jackals
  5 quokkas
  2 frilled lizards
  4 kobolds (D:1)
  6 rats
81 creatures vanquished.

Vanquished Creatures (collateral kills)
  3 scorpions
  5 killer bees (D:5)
  A hound (D:5)
  An orc priest (D:5)
  A gnoll bouda (D:4)
  An iguana (D:5)
  7 gnolls
  2 adders
  A worm (D:4)
  A dart slug (D:4)
  3 orcs
  A bat (D:3)
  An endoplasm (D:4)
  A goblin (D:4)
  A hobgoblin (D:4)
  A ball python (D:4)
31 creatures vanquished.

Vanquished Creatures (others)
  7 fungi (D:5)
  9 plants (D:1)
16 creatures vanquished.

Grand Total: 128 creatures vanquished

Notes
Turn   | Place    | Note
-------+----------+-------------------------------------------
     0 | D:1      | Pooter the Minotaur Monk began the quest for the Orb.
     0 | D:1      | Reached XP level 1. HP: 19/19 MP: 0/0
   123 | D:1      | Reached skill level 4 in Axes
   123 | D:1      | Reached XP level 2. HP: 27/27 MP: 1/1
   590 | D:1      | Reached XP level 3. HP: 25/33 MP: 2/2
  2360 | D:3      | Reached skill level 5 in Axes
  2360 | D:3      | Reached XP level 4. HP: 38/41 MP: 3/3
  2707 | D:3      | Found a hazy altar of Hepliaklqana.
  2824 | D:3      | Became a worshipper of Hepliaklqana the Forgotten
  2824 | D:3      | Reached * piety under Hepliaklqana
  2824 | D:3      | Reached ** piety under Hepliaklqana
  2825 | D:3      | Remembered your ancestor Fikile as a battlemage
  3055 | D:4      | Reached XP level 5. HP: 42/42 MP: 4/4
  3064 | D:4      | Reached skill level 1 in Maces & Flails
  3243 | D:4      | Found a burning altar of Makhleb.
  3289 | D:4      | Reached skill level 6 in Axes
  3305 | D:4      | Reached XP level 6. HP: 43/49 MP: 5/5
  3450 | D:4      | Reached skill level 5 in Fighting
  3499 | D:4      | Found a staircase to the Ecumenical Temple.
  3603 | D:4      | Found a radiant altar of Vehumet.
  3913 | D:5      | Entered Level 5 of the Dungeon
  3946 | D:5      | Got the Vademecum on the Ground
  4027 | D:5      | Reached skill level 5 in Dodging
  4027 | D:5      | Reached XP level 7. HP: 53/54 MP: 6/6
  4077 | D:5      | Reached skill level 7 in Axes
  4512 | D:5      | Reached *** piety under Hepliaklqana
  4545 | D:5      | Reached skill level 8 in Axes
  4548 | D:5      | Succumbed to a killer bee's poison

Illustrated notes

Levels and vault maps discovered:
D:1:      dpeg_arrival_round_a, layout_basic, minmay_hedge_maze,
          serial_bayou_lake_a
D:2:      layout_loops_corners, corexii_leaking_fountain
D:3:      mumra_celtic_spiral_tile, layout_basic, lemuel_crystal_altar
D:4:      layout_cave_pods, fiery_altar_vehumet, mainiacjoe_overflow_boulevard,
          minmay_temple_entry_butterflies, feat_on_display
D:5:      layout_gridville, fedhas_altar_fruit_tree, serial_co_window_serial,
          co_window_paths_b, co_window_paths_b, co_window_paths_a,
          co_window_cross_1, co_window_corner_a, co_window_of_opportunity_a,
          co_window_of_opportunity_a, co_window_corner_a, co_window_corner_a,
          co_window_of_opportunity_b, co_window_broadway_b,
          co_window_broadway_a, co_window_corner_cb, co_window_unsneaky_path_d,
          co_window_2corner, co_window_4corner_a, dreamdust_gnoll_farm

Skill      XL: |  1  2  3  4  5  6  7 |
---------------+----------------------+-----
Axes           | 4 5 6 8 |  8.1
Fighting       | 4 5 6 |  6.2
Dodging        | 4 5 |  5.7
Maces & Flails | 1 2 3 |  3.9
Stealth        | |  1.5

Action                   |  1- 3 |  4- 6 |  7- 9 || total
-------------------------+-------+-------+-------++-------
Melee: Hand axe          |    96 |       |       ||    96
       Headbutt          |    14 |     9 |     3 ||    26
       Flail             |    13 |    47 |    23 ||    83
       Punch             |     1 |       |       ||     1
       Morningstar       |       |    25 |       ||    25
Throw: Javelin           |       |     6 |    10 ||    16
       Dart              |       |       |     3 ||     3
       Boomerang         |       |       |     1 ||     1
Invok: Ancestor Life: Ba |       |     1 |       ||     1
  Use: Scroll            |     3 |     2 |       ||     5
 Stab: Sleeping          |     3 |       |       ||     3
Armor: Robe              |     5 |       |       ||     5
       Chain mail        |    43 |    38 |       ||    81
       Plate armour      |       |     9 |    15 ||    24
Dodge: Dodged            |    40 |    27 |    12 ||    79

Table legend: (Time is in decaauts)
 A = Elapsed time spent in this place.
 B = Non-inter-level travel time spent in this place.
 C = Inter-level travel time spent in this place.
 D = Time resting spent in this place.
 E = Time spent auto-exploring this place.
 F = Levels seen in this place.
 G = Mean time per level.
                   A        B        C        D        E       F      G
               +--------+--------+--------+--------+--------+-----+--------+
         Total |   4633 |   4411 |    222 |      0 |   3644 |   5 |  926.6 |
       Dungeon |   4633 |   4411 |    222 |      0 |   3644 |   5 |  926.6 |
               +--------+--------+--------+--------+--------+-----+--------+

Top non-repeatable levels by time:
     D:1: 1289 daAuts
     D:3: 918 daAuts
     D:2: 892 daAuts
     D:4: 888 daAuts
     D:5: 643 daAuts
